[Event "GER-ch Blitz 2019"]
[Site "Magdeburg"]
[Date "2019.05.25"]
[Round "27.6"]
[White "Zelbel, Patrick"]
[Black "Schneider, Ilja"]
[Result "0-1"]
[ECO "B00"]
[WhiteElo "2439"]
[BlackElo "2494"]
[Annotator "ChessBase"]
[PlyCount "76"]
[EventDate "2019.05.25"]
[EventType "tourn"]
[EventCountry "GER"]
[Tiebreak "Number of wins+Number of black wins"]
[SourceTitle "playchess.com"]
[Source "ChessBase"]
[SourceQuality "1"]
[TimeControl "180+2"]

1. e4 Nc6 2. Nc3 Nf6 3. Nf3 d5 4. exd5 Nxd5 5. Nxd5 Qxd5 6.
d4 e5 7. Nxe5 Nxe5 8. dxe5 Qxe5+ 9. Qe2 Bd6 10. Bd2 Bf5 11. O-O-O O-O-O 12. Qxe5 Bxe5 13. Be2 Rhe8 14. Be3 Be4 15. Rxd8+ Rxd8 16. f3 Bd5 17. a3 Bxb2+ 18. Kxb2 Re8 19. Bxa7 Rxe2 20. Rd1 Bc6 21. Bd4 Rxg2 22. Rd3 f6 23. h4 Rg3 24. f4 Rg4 25. Bf2 Rxf4 26. Bg3 Rf3 27. Kc3 Rxd3+ 28. cxd3 Bb5 29. d4 Kd7 30. Kd2 c6 31. Ke3 Ke6 32.
Bc7 Kf5 33. Kf3 Ba4 34. Bb6 Bd1+ 35. Kg3 g5 36. hxg5 fxg5 37. Bc7 h5 38. Bd8 h4+ 0-1

[Event "GER-ch Blitz 2019"]
[Site "Magdeburg"]
[Date "2019.05.25"]
[Round "27.7"]
[White "Krause, Benedict"]
[Black "Schulze, Marc"]
[Result "1/2-1/2"]
[ECO "B37"]
[WhiteElo "2434"]
[BlackElo "2220"]
[Annotator "NA"]
[PlyCount "81"]
[EventDate "2019.05.25"]
[EventType "tourn"]
[EventCountry "GER"]
[Tiebreak "Number of wins+Number of black wins"]
[SourceTitle "playchess.com"]
[Source "ChessBase"]
[SourceQuality "1"]
[TimeControl "180+2"]

1. e4 c5 2. Nf3 g6 3. d4 cxd4 4. Nxd4 Bg7 5. c4 Nc6 6. Nc2 Nf6 7. Nc3 O-O 8. Be2 d6 9. O-O b6 10. Be3 e6 11. Qd2 Qe7 12.
Rfd1 Rd8 13. Rac1 Bb7 14. Bh6 Rac8 15. Bxg7 Kxg7 16. b3 Rd7 17. Nd4 Rcd8 18. Nxc6 Bxc6 19. Qd4 Kg8 20. Bf3 Ne8 21. Qe3 Nc7 22. Rd2 Ba8 23. Rcd1 Ne8 24. g3 h5 25. h4 Kg7 26. Bg2 Nf6 27. Bf3 Ne8 28. Kg2 Bb7 29. Qd4+ Qf6 30. Qxf6+ Kxf6 31. Nb5 Ba8 32. Kg1 Ke7 33. Bg2 Bc6 34. Nc3 Ba8 35. f4 Nf6 36. Bf3 Ne8 37.
Kf2 Bb7 38. Ke3 Bc6 39. Ne2 Nc7 40. Nd4 Ba8 41. Ne2 1/2-1/2

[Event "GER-ch Blitz 2019"]
[Site "Magdeburg"]
[Date "2019.05.25"]
[Round "27.8"]
[White "Svane, Frederik"]
[Black "Hebbinghaus, Holger"]
[Result "1-0"]
[ECO "B03"]
[WhiteElo "2342"]
[BlackElo "2310"]
[Annotator "NA"]
[PlyCount "56"]
[EventDate "2019.05.25"]
[EventType "tourn"]
[EventCountry "GER"]
[Tiebreak "Number of wins+Number of black wins"]
[SourceTitle "playchess.com"]
[Source "ChessBase"]
[SourceQuality "1"]
[TimeControl "180+2"]

1. e4 Nf6 2. e5 Nd5 3. d4 Nb6 4. Nf3 d5 5. Be2 Bg4 6. O-O e6 7. a4 a5 8. b3 c5 9. Ba3 Nc6 10. Bxc5 Bxc5 11. dxc5 Nd7 12. Nc3 Bxf3 13. Bxf3 Ncxe5 14. Nb5 O-O 15. Qd4 Nxf3+ 16. gxf3 Qc8 17. c4 dxc4 18. Qxc4 Qxc5 19. Rac1 Rac8 20. Qxc5 Rxc5 21. Rcd1 Ne5 22.
f4 Ng6 23. Rd7 Nxf4 24. Rxb7 Rg5+ 25. Kh1 Rd8 26. b4 Nh3 27. Nc3 h5 28. bxa5 Rxa5 1-0

[Event "GER-ch Blitz 2019"]
[Site "Magdeburg"]
[Date "2019.05.25"]
[Round "27.9"]
[White "Barzen, Pascal"]
[Black "Heidrich, Manfred"]
[Result "1-0"]
[ECO "B24"]
[WhiteElo "2292"]
[BlackElo "2351"]
[Annotator "NA"]
[PlyCount "47"]
[EventDate "2019.05.25"]
[EventType "tourn"]
[EventCountry "GER"]
[Tiebreak "Number of wins+Number of black wins"]
[SourceTitle "playchess.com"]
[Source "ChessBase"]
[SourceQuality "1"]
[TimeControl "180+2"]

1. e4 c5 2. Nc3 Nc6 3. g3 g6 4. Bg2 Bg7 5. d3 e6 6. Be3 Nd4 7. f4 Ne7 8. Nf3 Nec6 9. O-O O-O 10. e5 f6 11. exf6 Bxf6 12. Ne4 d6 13.
Nxf6+ Qxf6 14. c3 Nf5 15. Bf2 Bd7 16. Qd2 Rab8 17. Rae1 Rfe8 18. g4 Nfe7 19. Bh4 Qg7 20. Ng5 e5 21. fxe5 Nxe5 22. d4 h6 23.
Ne4 cxd4 24. Bf6 1-0

[Event "GER-ch Blitz 2019"]
[Site "Magdeburg"]
[Date "2019.05.25"]
[Round "27.10"]
[White "Kirchner, Thomas"]
[Black "Heistermann, Till"]
[Result "1-0"]
[ECO "B00"]
[WhiteElo "2311"]
[BlackElo "2181"]
[Annotator "NA"]
[PlyCount "90"]
[EventDate "2019.05.25"]
[EventType "tourn"]
[EventCountry "GER"]
[Tiebreak "Number of wins+Number of black wins"]
[SourceTitle "playchess.com"]
[Source "ChessBase"]
[SourceQuality "1"]
[TimeControl "180+2"]

1. e4 d6 2. d4 e5 3. c3 Nf6 4. Bd3 Be7 5. Ne2 O-O 6. O-O Nbd7 7.
h3 c6 8. Be3 Qc7 9. Nd2 Re8 10. f4 exf4 11. Bxf4 Bf8 12. Ng3 Qb6 13. Qc2 Ne5 14. Be2 Ng6 15. Bg5 Be7 16. Be3 Qc7 17. Kh1 h6 18. Rf2 Be6 19. Raf1 Rf8 20. b3 Nh7 21. Nf5 Bg5 22. Qd3 Qd8 23. Bh5 Bxf5 24. Rxf5 Qe7 25. Bxg5 Nxg5 26. Qc4 Kh7 27. Qd3 Kg8 28. a4 Nh4 29. R5f4 Ng6 30. R4f2 Ne6 31. Qg3 Qg5 32. Qxg5 Nxg5 33. Bxg6 fxg6 34. h4 Ne6 35. g3 Rxf2 36. Rxf2 Rf8 37. Re2 g5 38. hxg5 Nxg5 39. Kg2 Re8 40. b4 Kf7 41. a5 a6 42. Nc4 Ke6 43. Nd2 Nf7 44. Nf3 Kd7 45. Kh3 Ne5 1-0

[Event "GER-ch Blitz 2019"]
[Site "Magdeburg"]
[Date "2019.05.25"]
[Round "27.11"]
[White "Braeuning, Rudolf Wilhelm"]
[Black "Kopylov, Michael"]
[Result "0-1"]
[ECO "B01"]
[WhiteElo "2285"]
[BlackElo "2413"]
[Annotator "NA"]
[PlyCount "130"]
[EventDate "2019.05.25"]
[EventType "tourn"]
[EventCountry "GER"]
[Tiebreak "Number of wins+Number of black wins"]
[SourceTitle "playchess.com"]
[Source "ChessBase"]
[SourceQuality "1"]
[TimeControl "180+2"]

1. e4 d5 2. exd5 Qxd5 3. Nc3 Qd6 4. d4 Nf6 5. Bg5 Bg4 6. Be2 Bxe2 7. Qxe2 Nc6 8. Nf3 O-O-O 9. O-O-O e6 10. Rhe1 Be7 11. Kb1 Nd5 12. Bxe7 Nxc3+ 13. bxc3 Nxe7 14. Ka1 Nd5 15. Qc4 f6 16. Qb3 Qc6 17. c4 Nb6 18. c5 Nd5 19. g3 a5 20. Rb1 a4 21. Qb5 Nc3 22. Qxc6 bxc6 23. Rb4 Kd7 24. Kb2 Nd5 25. Rxa4 Rb8+ 26. Kc1 Rb7 27. Ra3 Nb4 28. Ra4 Rhb8 29. Ra3 g5 30. h3 h5 31. g4 h4 32. Kd2 Nd5 33.
Rb3 Rb5 34. Reb1 Nf4 35. Ng1 Rxb3 36. Rxb3 Ra8 37. a3 Ra4 38. c3 e5 39. Ke3 Nd5+ 40. Kd2 e4 41. Ne2 Ke6 42. Rb8 Rxa3 43. Re8+ Kd7 44. Rh8 Ra2+ 45. Kd1 Nf4 46. Nxf4 gxf4 47. Rh7+ Ke6 48. Rxc7 Kd5 49. Rd7+ Kc4 50. Rd6 Kd3 51. Kc1 e3 52. fxe3 fxe3 53. Kb1 Rh2 54. d5 Rh1+ 55. Kb2 cxd5 56. Rxd5+ Ke4 57. Rd8 e2 58. c6 e1=Q 59. Re8+ Kd3 60. Rxe1 Rxe1 61. c7 Re8 62. Kb3 Rc8 63. Kb4 Rxc7 64. c4 Rxc4+ 65. Kb5 Rf4 0-1

[Event "GER-ch Blitz 2019"]
[Site "Magdeburg"]
[Date "2019.05.25"]
[Round "27.12"]
[White "Ehmann, Thilo"]
[Black "Voege, Tobias"]
[Result "1-0"]
[ECO "B39"]
[WhiteElo "2291"]
[BlackElo "2294"]
[Annotator "NA"]
[PlyCount "73"]
[EventDate "2019.05.25"]
[EventType "tourn"]
[EventCountry "GER"]
[Tiebreak "Number of wins+Number of black wins"]
[SourceTitle "playchess.com"]
[Source "ChessBase"]
[SourceQuality "1"]
[TimeControl "180+2"]

1. e4 c5 2. Nf3 Nc6 3. d4 cxd4 4. Nxd4 g6 5. c4 Bg7 6. Be3 Nf6 7. Nc3 Ng4 8. Qxg4 Nxd4 9. Qd1 e5 10. Be2 O-O 11. O-O a6 12. Qd2 d6 13. Bxd4 exd4 14. Nd5 Be6 15. Bd3 Bxd5 16. cxd5 Qb6 17. Rac1 Rac8 18. h4 h5 19. Rxc8 Rxc8 20. Rc1 Qd8 21. Rxc8 Qxc8 22. g3 Qc5 23. Kg2 Be5 24. Qc2 a5 25. Qxc5 dxc5 26. f4 Bc7 27. e5 Kg7 28. Kf3 f6 29. d6 Bb8 30. Ke4 g5 31. Kd5 gxf4 32. gxf4 fxe5 33. fxe5 Ba7 34. e6 c4 35. Kxc4 Kf6 36. e7 Kf7 37. Bg6+ 1-0

[Event "GER-ch Blitz 2019"]
[Site "Magdeburg"]
[Date "2019.05.25"]
[Round "27.13"]
[White "Feuerstack, Aljoscha"]
[Black "Braeuer, Franz"]
[Result "1-0"]
[ECO "B22"]
[WhiteElo "2441"]
[BlackElo "2445"]
[Annotator "NA"]
[PlyCount "57"]
[EventDate "2019.05.25"]
[EventType "tourn"]
[EventCountry "GER"]
[Tiebreak "Number of wins+Number of black wins"]
[SourceTitle "playchess.com"]
[Source "ChessBase"]
[SourceQuality "1"]
[TimeControl "180+2"]

1. e4 c5 2. c3 Nf6 3. e5 Nd5 4. Nf3 Nc6 5. Bc4 Nb6 6. Bb3 d6 7. exd6 Qxd6 8.
O-O Be6 9. Bxe6 Qxe6 10. a4 Qd6 11. a5 Nd5 12. a6 b6 13. d4 cxd4 14. Nxd4 Nxd4 15. Qxd4 Rd8 16. Na3 e6 17. Nb5 Qd7 18. Qa4 Bc5 19. Rd1 O-O 20. c4 Qe7 21. cxd5 exd5 22. Nd4 Rfe8 23. Be3 Qe4 24. h3 Rc8 25. Rac1 f5 26. Qc2 Qe5 27. Qd2 Rcd8 28. Bf4 Qe7 29. Nc6 1-0

[Event "GER-ch Blitz 2019"]
[Site "Magdeburg"]
[Date "2019.05.25"]
[Round "27.14"]
[White "Buhmann, Rainer"]
[Black "Wichmann, Cliff"]
[Result "1-0"]
[ECO "E06"]
[WhiteElo "2573"]
[BlackElo "2280"]
[Annotator "ChessBase"]
[PlyCount "92"]
[EventDate "2019.05.25"]
[EventType "tourn"]
[EventCountry "GER"]
[Tiebreak "Number of wins+Number of black wins"]
[SourceTitle "playchess.com"]
[Source "ChessBase"]
[SourceQuality "1"]
[TimeControl "180+2"]

1. d4 d5 2. c4 e6 3. Nf3 Nf6 4. g3 Be7 5. Bg2 O-O 6. O-O dxc4 7. Qc2 b6 8.
Bg5 Nd5 9. Bxe7 Qxe7 10. Qxc4 Ba6 11. Qc2 c5 12. Nc3 Nc6 13. dxc5 Qxc5 14. Rfc1 Rac8 15. Nxd5 Qxd5 16. Ne1 Nd4 17. Bxd5 Nxc2 18. Nxc2 exd5 19. Nd4 Rc5 20. Rd1 Re8 21. Rd2 g6 22. f3 Kg7 23. Kf2 Re7 24. e3 Bb7 25. Rad1 h5 26. Ne2 Rec7 27. Nc3 Rc8 28.
h4 R8c7 29. Rd4 Rc8 30. R1d2 R8c7 31. g4 hxg4 32. Rxg4 Bc8 33. Rgd4 Be6 34. Kg3 Kf6 35. e4 Kg7 36. exd5 Bd7 37. d6 Rc8 38. Re4 Be6 39. Red4 Rf5 40. a3 Rh8 41. Ne4 Bd7 42. Rc2 Re5 43. Rc7 Rd8 44. Rxa7 Bc6 45. Ra6 f5 46. Ng5 Rb5 1-0

[Event "GER-ch Blitz 2019"]
[Site "Magdeburg"]
[Date "2019.05.25"]
[Round "27.15"]
[White "Koch, Thomas"]
[Black "Baskin, Robert"]
[Result "1-0"]
[ECO "D56"]
[WhiteElo "2474"]
[BlackElo "2398"]
[Annotator "ChessBase"]
[PlyCount "123"]
[EventDate "2019.05.25"]
[EventType "tourn"]
[EventCountry "GER"]
[Tiebreak "Number of wins+Number of black wins"]
[SourceTitle "playchess.com"]
[Source "ChessBase"]
[SourceQuality "1"]
[TimeControl "180+2"]

1. d4 Nf6 2. c4 e6 3. Nf3 d5 4. Nc3 Be7 5. Bg5 h6 6. Bh4 O-O 7. e3 Nbd7 8.
Bd3 c5 9. cxd5 Nxd5 10. Bxe7 Nxe7 11. O-O b6 12. Be4 Rb8 13. Rc1 Bb7 14. Bxb7 Rxb7 15. Ne4 cxd4 16. Nxd4 Rc7 17. Nb5 Rxc1 18. Qxc1 Qa8 19. Ned6 Rd8 20. Rd1 Nf6 21. Nc3 a6 22. Nc4 b5 23. Ne5 Qb8 24. Nf3 Rxd1+ 25. Qxd1 Qc7 26. h3 b4 27. Ne2 Ne4 28. Qd3 Qb7 29. Nf4 Nf5 30. Ne5 Nf6 31. f3 g5 32. Ne2 Qc7 33.
Ng4 Nxg4 34. hxg4 Nd6 35.
Kf2 Qc5 36. Qxa6 Nc4 37. Qa8+ Kg7 38. Qe4 Nxb2 39. Nd4 Nd1+ 40. Kg3 Nc3 41. Qxe6 Qxd4 42. Qe7 Qb6 43. Kh3 Nd5 44. Qe5+ Nf6 45. e4 Qf2 46. Kh2 Qh4+ 47. Kg1 Qe1+ 48. Kh2 Qf2 49. Qd6 Qxa2 50. Qxb4 Qe6 51. Qd4 Kg6 52. Qd3 Nd7 53. e5+ Kg7 54. Kg1 Nxe5 55. Qe4 Ng6 56. Qd3 Qb6+ 57. Kh2 Qc7+ 58. Kg1 Qe7 59. Qd4+ Qe5 60. Qd3 Nf4 61. Qd2 Qd4+ 62. Qxd4+ 1-0

[Event "GER-ch Blitz 2019"]
[Site "Magdeburg"]
[Date "2019.05.25"]
[Round "28.1"]
[White "Zuyev, Igor"]
[Black "Gustafsson, Jan"]
[Result "1-0"]
[ECO "C55"]
[WhiteElo "2447"]
[BlackElo "2639"]
[Annotator "ChessBase"]
[PlyCount "67"]
[EventDate "2019.05.25"]
[EventType "tourn"]
[EventCountry "GER"]
[Tiebreak "Number of wins+Number of black wins"]
[SourceTitle "playchess.com"]
[Source "ChessBase"]
[SourceQuality "1"]
[TimeControl "180+2"]

1. e4 e5 2. Nf3 Nc6 3. d4 exd4 4. Bc4 Nf6 5. e5 Ne4 6. Qe2 Nc5 7. c3 d3 8. Qe3 Be7 9. b4 Ne6 10. O-O d5 11. exd6 Bxd6 12. Nbd2 O-O 13. Bxd3 Re8 14. Re1 Bd7 15. Be4 Nf4 16. Nc4 Bf5 17. Nxd6 Qxd6 18. Qxf4 Bxe4 19. Be3 Qd5 20. Rad1 Qxa2 21. b5 Nd8 22. Bd4 f5 23. Ng5 Ne6 24. Qe5 Re7 25. Bc5 Nxg5 26. Bxe7 Nf7 27. Qxc7 h6 28. f3 Bd5 29. Qd7 Bb3 30. Ra1 Qc2 31. b6 Qxc3 32. Qxb7 Qd4+ 33. Kh1 Bd5 34. Qd7 1-0

[Event "GER-ch Blitz 2019"]
[Site "Magdeburg"]
[Date "2019.05.25"]
[Round "28.2"]
[White "Stein, Robert"]
[Black "Frischmann, Rick"]
[Result "0-1"]
[ECO "D07"]
[WhiteElo "2318"]
[BlackElo "2320"]
[Annotator "NA"]
[PlyCount "86"]
[EventDate "2019.05.25"]
[EventType "tourn"]
[EventCountry "GER"]
[Tiebreak "Number of wins+Number of black wins"]
[SourceTitle "playchess.com"]
[Source "ChessBase"]
[SourceQuality "1"]
[TimeControl "180+2"]

1. d4 d5 2. c4 Nc6 3. cxd5 Qxd5 4. e3 e5 5. Nc3 Bb4 6. a3 Bxc3+ 7.
bxc3 Nf6 8. c4 Qd6 9. d5 Nb8 10. a4 Na6 11. Ba3 Nc5 12. Nf3 Nfd7 13.
Be2 O-O 14. O-O a5 15. Nd4 exd4 16. exd4 b6 17. dxc5 Nxc5 18. Qd4 Re8 19. Bxc5 bxc5 20. Qd2 Rb8 21. Bd3 Rb4 22. Rfe1 Bd7 23. Rxe8+ Bxe8 24. Qc2 g6 25. Qe2 Bd7 26. h3 Qf6 27. Ra2 Kg7 28. Qe3 Qd6 29. h4 h5 30. Qc1 Qe5 31. Bf1 Bf5 32.
g3 Rb1 33. Qe3 Qxe3 34. fxe3 Bd3 35. Rf2 Bxc4 36. e4 Re1 37. Kg2 Bxf1+ 38. Rxf1 Rxe4 39. Rc1 c4 40. Kf3 f5 41. Rb1 c3 42. Rb7 Rc4 43. d6 c2 0-1

[Event "GER-ch Blitz 2019"]
[Site "Magdeburg"]
[Date "2019.05.25"]
[Round "28.3"]
[White "Hirneise, Jens"]
[Black "Schmaltz, Roland"]
[Result "0-1"]
[ECO "C41"]
[WhiteElo "2375"]
[BlackElo "2461"]
[Annotator "ChessBase"]
[PlyCount "60"]
[EventDate "2019.05.25"]
[EventType "tourn"]
[EventCountry "GER"]
[Tiebreak "Number of wins+Number of black wins"]
[SourceTitle "playchess.com"]
[Source "ChessBase"]
[SourceQuality "1"]
[TimeControl "180+2"]

1. e4 d6 2. d4 Nf6 3. Nc3 e5 4. Nf3 Nbd7 5. g4 g6 6. g5 Nh5 7. Be3 Bg7 8. Qd2 O-O 9. O-O-O c6 10. Ne2 Re8 11. Ng3 Nf4 12. Bxf4 exf4 13. Qxf4 Nf8 14. h4 Ne6 15. Qd2 Qb6 16. h5 c5 17. hxg6 hxg6 18. c3 cxd4 19. cxd4 Bd7 20. Kb1 Ba4 21. Rc1 Rac8 22. Bc4 Nxd4 23. Nxd4 Qxd4 24. Qxd4 Bxd4 25. b3 Bc6 26. Rc2 Rxe4 27. Rd1 Rg4 28. Bd5 Be5 29. Ne4 Rxe4 30. Bxc6 Rxc6 0-1

[Event "GER-ch Blitz 2019"]
[Site "Magdeburg"]
[Date "2019.05.25"]
[Round "28.4"]
[White "Kopylov, Daniel"]
[Black "Stern, Rene"]
[Result "0-1"]
[ECO "C47"]
[WhiteElo "2263"]
[BlackElo "2538"]
[Annotator "ChessBase"]
[PlyCount "98"]
[EventDate "2019.05.25"]
[EventType "tourn"]
[EventCountry "GER"]
[Tiebreak "Number of wins+Number of black wins"]
[SourceTitle "playchess.com"]
[Source "ChessBase"]
[SourceQuality "1"]
[TimeControl "180+2"]

1. e4 e5 2. Nf3 Nc6 3. Nc3 Nf6 4. d4 exd4 5. Nxd4 Bc5 6. Nb3 Bb6 7. Qe2 d6 8. Be3 O-O 9. O-O-O Re8 10. f3 Be6 11. g4 Ne5 12. g5 Bc4 13.
Qf2 Nfg4 14. fxg4 Nxg4 15.
Qf3 Nxe3 16. Bxc4 Nxc4 17. Nd5 c6 18. Nxb6 axb6 19. Kb1 Qxg5 20. Rhg1 Qe5 21. c3 Qxe4+ 22. Qxe4 Rxe4 23. Nd4 d5 24. b3 Ne3 25. Rde1 Rae8 26. Re2 g6 27.
Rge1 f5 28. Nf3 Ng4 29. Rxe4 fxe4 30. Ng5 h6 31. Nh3 g5 32. Re2 Rf8 33. Kb2 Rf3 34. Ng1 Rf2 35. Rxf2 Nxf2 36. Kc2 Kf7 37. Kd2 Ke6 38. Ke2 Ng4 39. h3 Nf6 40. Ke3 Nh5 41. Ne2 Nf4 42.
Nd4+ Ke5 43. b4 Nxh3 44. a4
Nf4 45. a5 bxa5 46. bxa5 Ne6 47. Nb3 h5 48. Nc1 h4 49. Ne2 c5 {
[%emt 0:00:03] Kd4+} 0-1

[Event "GER-ch Blitz 2019"]
[Site "Magdeburg"]
[Date "2019.05.25"]
[Round "28.5"]
[White "Schulz, Karsten"]
[Black "Zelbel, Patrick"]
[Result "0-1"]
[ECO "A37"]
[WhiteElo "2227"]
[BlackElo "2439"]
[Annotator "NA"]
[PlyCount "58"]
[EventDate "2019.05.25"]
[EventType "tourn"]
[EventCountry "GER"]
[Tiebreak "Number of wins+Number of black wins"]
[SourceTitle "playchess.com"]
[Source "ChessBase"]
[SourceQuality "1"]
[TimeControl "180+2"]

1. Nf3 g6 2. g3 Bg7 3. Bg2 c5 4. c4 Nc6 5. Nc3 e6 6. d3 Nge7 7. Bg5 h6 8. Bd2 O-O 9. Qc1 Kh7 10. Rb1 d5 11. a3 a5 12. O-O b6 13.
cxd5 exd5 14. Bf4 Ba6 15. Rd1 Nd4 16. Re1 Rc8 17. Qd1 Nxf3+ 18. Bxf3 d4 19. Ne4 Nd5 20. Bc1 b5 21. Nd2 c4 22. dxc4 bxc4 23.
Qa4 c3 24. Nb3 d3 25. exd3 Bxd3 26. Rd1 c2 27. Rxd3 cxb1=Q 28. Rxd5 Rxc1+ 29. Nxc1 Qxc1+ 0-1

[Event "GER-ch Blitz 2019"]
[Site "Magdeburg"]
[Date "2019.05.25"]
[Round "28.6"]
[White "Schulze, Marc"]
[Black "Carow, Johannes"]
[Result "1-0"]
[ECO "D02"]
[WhiteElo "2220"]
[BlackElo "2445"]
[Annotator "NA"]
[PlyCount "69"]
[EventDate "2019.05.25"]
[EventType "tourn"]
[EventCountry "GER"]
[Tiebreak "Number of wins+Number of black wins"]
[SourceTitle "playchess.com"]
[Source "ChessBase"]
[SourceQuality "1"]
[TimeControl "180+2"]

1. d4 d5 2. Bf4 Nf6 3. Nf3 c5 4. e3 Nc6 5. c3 Qb6 6. Qb3 c4 7. Qc2 Bf5 8. Qc1 e6 9. Nbd2 Qd8 10. h3 Be7 11. Be2 h6 12. O-O b5 13. a3 O-O 14. Re1 a5 15. Bd1 Ne4 16. Bc2 Bh7 17. Nxe4 dxe4 18. Nd2 f5 19. a4 b4 20. Nxc4 Rc8 21. Bb3 Kh8 22. Qd2 Bf6 23. Nd6 e5 24. dxe5 Nxe5 25.
Bxe5 Bxe5 26. Nf7+ Rxf7 27.
Qxd8+ Rxd8 28. Bxf7 bxc3 29. bxc3 Bxc3 30. Red1 Rf8 31. Rac1 Bb4 32. Be6 Bg6 33. Rc8 Kh7 34. Rxf8 Bxf8 35. Rd5 1-0

[Event "GER-ch Blitz 2019"]
[Site "Magdeburg"]
[Date "2019.05.25"]
[Round "28.7"]
[White "Schneider, Ilja"]
[Black "Svane, Frederik"]
[Result "1-0"]
[ECO "A45"]
[WhiteElo "2494"]
[BlackElo "2342"]
[Annotator "ChessBase"]
[PlyCount "127"]
[EventDate "2019.05.25"]
[EventType "tourn"]
[EventCountry "GER"]
[Tiebreak "Number of wins+Number of black wins"]
[SourceTitle "playchess.com"]
[Source "ChessBase"]
[SourceQuality "1"]
[TimeControl "180+2"]

1. d4 Nf6 2. Bg5 c5 3. Bxf6 exf6 4. c3 d5 5. e3 Nc6 6. Nd2 cxd4 7. exd4 Bd6 8. Ngf3 O-O 9. Be2 Re8 10. O-O Bg4 11. h3 Bh5 12. Re1 Qd7 13. Qb3 Re7 14. Nf1 Rae8 15. Ne3 Bf4 16. Qxd5 Bxe3 17. Qxh5 Bh6 18. Bb5 a6 19. Bxc6 Qxc6 20. Rxe7 Rxe7 21. Re1 Rxe1+ 22. Nxe1 Qe6 23. Nf3 Qxa2 24. Qc5 g6 25. d5 Bf8 26. Qd4 Qxb2 27. d6 Bxd6 28. Qxd6 Qxc3 29. Qb8+ Kg7 30. Qxb7 a5 31. Qa7 Qc1+ 32. Kh2 Qf4+ 33. Kh1 a4 34. Qc5 h5 35. Ne1 a3 36. Qxa3 Qxf2 37. Nf3 Qf1+ 38. Kh2 Qc4 39. Qd6 Qe4 40. Nd2 Qe3 41. Nc4 Qe4 42. Nb6 Qe3 43. Qxf6+ Kxf6 44. Nd5+ Ke5 45. Nxe3 f5 46. Kg1 g5 47. Kf2 f4 48. Nc4+ Kf5 49. Ke2 Ke4 50. Nd6+ Ke5 51. Ne8 Ke4 52. Ng7 h4 53. Kf2 Ke5 54. Ne8 Ke4 55. Nd6+ Ke5 56. Nc4+ Ke4 57. Nd2+ Kf5 58. Kf3 Ke5 59. Kg4 Kd4 60. Kxg5 Ke3 61. Nf3 Kf2 62. Kxf4 Kxg2 63. Kg4 Kf2 64. Nxh4 1-0

[Event "GER-ch Blitz 2019"]
[Site "Magdeburg"]
[Date "2019.05.25"]
[Round "28.8"]
[White "Heidrich, Manfred"]
[Black "Krause, Benedict"]
[Result "1/2-1/2"]
[ECO "B22"]
[WhiteElo "2351"]
[BlackElo "2434"]
[Annotator "NA"]
[PlyCount "31"]
[EventDate "2019.05.25"]
[EventType "tourn"]
[EventCountry "GER"]
[Tiebreak "Number of wins+Number of black wins"]
[SourceTitle "playchess.com"]
[Source "ChessBase"]
[SourceQuality "1"]
[TimeControl "180+2"]

1. e4 c5 2. c3 d5 3. exd5 Qxd5 4. d4 e6 5. Nf3 Nf6 6. Be2 Nc6 7. dxc5 Qxd1+ 8. Bxd1 Bxc5 9. Nbd2 a6 10. Bc2 Ke7 11. Ne4 Nxe4 12. Bxe4 Bd7 13. Ke2 h6 14. Be3 Bxe3 15. Kxe3 Rhd8 16. Rhd1
1/2-1/2

[Event "GER-ch Blitz 2019"]
[Site "Magdeburg"]
[Date "2019.05.25"]
[Round "28.9"]
[White "Hebbinghaus, Holger"]
[Black "Kirchner, Thomas"]
[Result "0-1"]
[ECO "C47"]
[WhiteElo "2310"]
[BlackElo "2311"]
[Annotator "NA"]
[PlyCount "82"]
[EventDate "2019.05.25"]
[EventType "tourn"]
[EventCountry "GER"]
[Tiebreak "Number of wins+Number of black wins"]
[SourceTitle "playchess.com"]
[Source "ChessBase"]
[SourceQuality "1"]
[TimeControl "180+2"]

1. e4 e5 2. Nf3 Nc6 3. Nc3 Nf6 4. d4 exd4 5. Nxd4 Bb4 6.
Nxc6 bxc6 7. Bd3 d5 8. exd5 cxd5 9. O-O O-O 10. h3 c6 11. Qf3 h6 12. Bf4 Bd6 13. Ne2 Rb8 14. b3 a5 15. Nd4 Bxf4 16. Qxf4 Bd7 17. Rfe1 c5 18. Nf5 Bxf5 19. Qxf5 Qc8 20. Re7 c4 21. Qxc8 Rfxc8 22. Bf1 Kf8 23. Ra7 Rc5 24. Re1 Re8 25. Rxe8+ Kxe8 26. a3 Ne4 27. b4 axb4 28. axb4 Rb5 29. Ra5 Rxa5 30. bxa5 Kd7 31. f3 Ng3 32. Kf2 Nxf1 33. Kxf1 Kc6 34. Ke2 d4 35. f4 Kb5 36. Kf3 Kxa5 37. Ke4 d3 38. cxd3 c3 39. Ke3 Kb4 40. d4 Kb3 41. d5 c2 0-1

[Event "GER-ch Blitz 2019"]
[Site "Magdeburg"]
[Date "2019.05.25"]
[Round "28.10"]
[White "Kopylov, Michael"]
[Black "Barzen, Pascal"]
[Result "1-0"]
[ECO "A40"]
[WhiteElo "2413"]
[BlackElo "2292"]
[Annotator "NA"]
[PlyCount "77"]
[EventDate "2019.05.25"]
[EventType "tourn"]
[EventCountry "GER"]
[Tiebreak "Number of wins+Number of black wins"]
[SourceTitle "playchess.com"]
[Source "ChessBase"]
[SourceQuality "1"]
[TimeControl "180+2"]

1. d4 Nf6 2. c4 e6 3. g3 Bb4+ 4. Nd2 d5 5. Bg2 O-O 6. Ngf3 dxc4 7. Qc2 c5 8.
dxc5 Bxc5 9. O-O Nc6 10. Nxc4 Qe7 11. Nfe5 Nb4 12. Qb3 Nbd5 13. Nd3 b6 14. e4 Nc7 15. e5 Nfd5 16. Nxc5 Qxc5 17. Be3 Nxe3 18. Nxe3 Qxe5 19. Bxa8 Nxa8 20. Nc4 Qh5 21.
Nd6 Bd7 22. Rac1 b5 23. Qa3 e5 24. Rfd1 Bg4 25. Rd3 Nb6 26.
Qxa7 Nc4 27. Nxc4 bxc4 28. Re3 e4 29. Rxe4 Bf3 30. Re3 Ba8 31.
Qd7 g6 32. Rxc4 h6 33. Rc8 Bd5 34. Rxf8+ Kxf8 35. Qe8+ Kg7 36. Qe5+ Qxe5 37. Rxe5 Bxa2 38. f4 Kf6 39. Kf2 1-0